| TOP OF THE 1ST |
|
University of California Golden Bears batting - Pitching for Washington State University Cougars : LHP Seth Shaw
|
|
Pitching: LHP Seth Shaw
|
|
|
Batting: LHB Eric Gaugler
|
0-0: Fly out, F9 (Flyball, 9, EV 75.0 MPH)
|
|
Batting: SHB Matsudaira Ikeda
|
0-0: Called Strike 0-1: Ball 1-1: Foul Ball, location: 2F 1-2: SINGLE (Groundball, 56D, EV 103.1 MPH)
|
|
Batting: RHB Mario Diaz
|
0-0: Ball 1-0: Called Strike 1-1: Ball 2-1: Fly out, F9 (Flyball, 9S, EV 67.5 MPH)
|
|
Batting: RHB Nate Mahon
|
0-0: Called Strike 0-1: Called Strike 0-2: Strikes out swinging
|
| Top of the 1st over - 0 runs, 1 hit, 0 errors, 1 left on base; University of California 0 - Washington State University 0 |
| BOTTOM OF THE 1ST |
|
Washington State University Cougars batting - Pitching for University of California Golden Bears : RHP Michito Higashi
|
|
Pitching: RHP Michito Higashi
|
|
|
Batting: LHB Randolph Brodbeck
|
0-0: Ground out 1-3 (Groundball, 15S, EV 70.0 MPH)
|
|
Batting: RHB Noe Oliva
|
0-0: Called Strike 0-1: Foul Ball, location: 2F 0-2: Fly out, F1 (Line Drive, P, EV 70.6 MPH)
|
|
Batting: RHB Jon Chatman
|
0-0: Ball 1-0: Fly out, F7 (Line Drive, 7, EV 91.9 MPH)
|
| Bottom of the 1st over - 0 runs, 0 hits, 0 errors, 0 left on base; University of California 0 - Washington State University 0 |
| TOP OF THE 2ND |
|
University of California Golden Bears batting - Pitching for Washington State University Cougars : LHP Seth Shaw
|
|
Batting: LHB Luis Orellana
|
0-0: Foul Ball, location: 2F 0-1: Ball 1-1: Foul Ball, location: 2F 1-2: Ball 2-2: Ball 3-2: Foul Ball, location: 2F 3-2: Fly out, F8 (Flyball, 8RD, EV 95.0 MPH)
|
|
Batting: RHB Tatsuyoshi Ikeda
|
0-0: Ball 1-0: SINGLE (Line Drive, 9S, EV 90.6 MPH)
|
|
Batting: LHB Justin Conley
|
0-0: Called Strike Tatsuyoshi Ikeda is caught stealing 2nd base 2-6 0-1: Ground out 4-3 (Groundball, 4, EV 84.4 MPH)
|
| Top of the 2nd over - 0 runs, 1 hit, 0 errors, 0 left on base; University of California 0 - Washington State University 0 |
| BOTTOM OF THE 2ND |
|
Washington State University Cougars batting - Pitching for University of California Golden Bears : RHP Michito Higashi
|
|
Batting: RHB Miguel Pacheco
|
0-0: Called Strike 0-1: Ball 1-1: Ball 2-1: Foul Ball, location: 2F 2-2: Foul Ball, location: 2F 2-2: Ball 3-2: Foul Ball, location: 2F 3-2: Base on Balls
|
|
Batting: LHB Jeremy Rideout
|
0-0: Ball 1-0: Fly out, F3 (Popup, 3SF, EV 85.0 MPH)
|
|
Batting: RHB Rich Griffith
|
0-0: Called Strike 0-1: Fielders Choice at 2nd, 5-4 (Groundball, 15, EV 84.4 MPH)
|
|
Batting: RHB Wilson Salgado
|
0-0: Ball Rich Griffith is caught stealing 2nd base 2-4
|
| Bottom of the 2nd over - 0 runs, 0 hits, 0 errors, 0 left on base; University of California 0 - Washington State University 0 |
| TOP OF THE 3RD |
|
University of California Golden Bears batting - Pitching for Washington State University Cougars : LHP Seth Shaw
|
|
Batting: RHB Alex Guerra
|
0-0: Foul Ball, location: 2F 0-1: Ball 1-1: DOUBLE (Flyball, 9D, EV 103.8 MPH)
|
|
Batting: RHB Kasey Sands
|
0-0: Foul Ball, location: 2F 0-1: Swinging Strike 0-2: Strikes out swinging
|
|
Batting: LHB Eric Gaugler
|
0-0: Ball 1-0: Ball 2-0: Foul Ball, location: 2F 2-1: Swinging Strike 2-2: Strikes out swinging
|
|
Batting: SHB Matsudaira Ikeda
|
0-0: Foul Ball, location: 2F 0-1: Ground out 4-3 (Groundball, 13, EV 78.8 MPH)
|
| Top of the 3rd over - 0 runs, 1 hit, 0 errors, 1 left on base; University of California 0 - Washington State University 0 |
| BOTTOM OF THE 3RD |
|
Washington State University Cougars batting - Pitching for University of California Golden Bears : RHP Michito Higashi
|
|
Batting: RHB Wilson Salgado
|
0-0: Ball 1-0: Called Strike 1-1: Ball 2-1: SINGLE (Groundball, 4M, EV 103.1 MPH) (infield hit)
|
|
Batting: RHB Luis Mendoza
|
0-0: Fly out, F8 (Flyball, 8RM, EV 90.6 MPH)
|
|
Batting: SHB Cedric Sweep
|
0-0: Called Strike 0-1: Called Strike 0-2: Foul Ball, location: 2F 0-2: Ball 1-2: Ball 2-2: Foul Ball, location: 2F 2-2: Ball 3-2: Strikes out swinging
|
|
Batting: LHB Randolph Brodbeck
|
0-0: Ball 1-0: Ball 2-0: Ball 3-0: Base on Balls Wilson Salgado to second
|
|
Batting: RHB Noe Oliva
|
0-0: Ball 1-0: Fielders Choice at 2nd, 6-4 (Groundball, 6, EV 85.6 MPH)
|
| Bottom of the 3rd over - 0 runs, 1 hit, 0 errors, 2 left on base; University of California 0 - Washington State University 0 |
| TOP OF THE 4TH |
|
University of California Golden Bears batting - Pitching for Washington State University Cougars : LHP Seth Shaw
|
|
Batting: RHB Mario Diaz
|
0-0: Ground out 5-3 (Groundball, 56, EV 106.9 MPH)
|
|
Batting: RHB Nate Mahon
|
0-0: Ball 1-0: Foul Ball, location: 2F 1-1: Called Strike 1-2: Ball 2-2: Ball 3-2: Foul Ball, location: 2F 3-2: Ground out 6-3 (Groundball, 6, EV 83.1 MPH)
|
|
Batting: LHB Luis Orellana
|
0-0: Ball 1-0: Called Strike 1-1: Foul Ball, location: 2F 1-2: Foul Ball, location: 2F 1-2: Fly out, F8 (Flyball, 8RD, EV 101.9 MPH)
|
| Top of the 4th over - 0 runs, 0 hits, 0 errors, 0 left on base; University of California 0 - Washington State University 0 |
| BOTTOM OF THE 4TH |
|
Washington State University Cougars batting - Pitching for University of California Golden Bears : RHP Michito Higashi
|
|
Batting: RHB Jon Chatman
|
0-0: Ball 1-0: Ball 2-0: Called Strike 2-1: Swinging Strike 2-2: Ball 3-2: Base on Balls
|
|
Batting: RHB Miguel Pacheco
|
0-0: Ball 1-0: Ball 2-0: Ball 3-0: Base on Balls Jon Chatman to second
|
|
Batting: LHB Jeremy Rideout
|
0-0: DOUBLE (Flyball, 78D, EV 98.1 MPH) Jon Chatman scores Miguel Pacheco to third
|
|
Batting: RHB Rich Griffith
|
0-0: Ground out U3 (Groundball, 34, EV 100.0 MPH) Miguel Pacheco scores Jeremy Rideout to third
|
|
Batting: RHB Wilson Salgado
|
0-0: Ball 1-0: Called Strike 1-1: Ball 2-1: Swinging Strike 2-2: Ground out 5-3 (Groundball, 5, EV 100.6 MPH)
|
|
Batting: RHB Luis Mendoza
|
0-0: Ball 1-0: Called Strike 1-1: Ball 2-1: Swinging Strike 2-2: Fly out, F9 (Line Drive, 9S, EV 92.5 MPH)
|
| Bottom of the 4th over - 2 runs, 1 hit, 0 errors, 1 left on base; University of California 0 - Washington State University 2 |
| TOP OF THE 5TH |
|
University of California Golden Bears batting - Pitching for Washington State University Cougars : LHP Seth Shaw
|
|
Batting: RHB Tatsuyoshi Ikeda
|
0-0: Swinging Strike 0-1: Ball 1-1: Ground out 4-3 (Groundball, 4, EV 81.9 MPH)
|
|
Batting: LHB Justin Conley
|
0-0: Called Strike 0-1: Ball 1-1: Ball 2-1: Swinging Strike 2-2: Foul Ball, location: 2F 2-2: Foul Ball, location: 2F 2-2: Ball 3-2: Foul Ball, location: 2F 3-2: SINGLE (Flyball, 3D, EV 89.4 MPH)
|
|
Batting: RHB Alex Guerra
|
0-0: Swinging Strike 0-1: Ball 1-1: Ball 2-1: Ball 3-1: Base on Balls Justin Conley to second
|
|
Batting: RHB Kasey Sands
|
0-0: Ball 1-0: Fly out, F7 (Flyball, 78S, EV 85.6 MPH)
|
|
Batting: LHB Eric Gaugler
|
0-0: Swinging Strike 0-1: Fly out, F9 (Flyball, 9, EV 83.1 MPH)
|
| Top of the 5th over - 0 runs, 1 hit, 0 errors, 2 left on base; University of California 0 - Washington State University 2 |
| BOTTOM OF THE 5TH |
|
Washington State University Cougars batting - Pitching for University of California Golden Bears : RHP Michito Higashi
|
|
Batting: SHB Cedric Sweep
|
0-0: SOLO HOME RUN (Flyball, 9D, EV 103.1 MPH), Distance : 388 ft
|
|
Batting: LHB Randolph Brodbeck
|
0-0: Fly out, F9 (Line Drive, 89M, EV 91.9 MPH)
|
|
Batting: RHB Noe Oliva
|
0-0: Ball 1-0: Ball 2-0: Called Strike 2-1: SOLO HOME RUN (Flyball, 7D, EV 98.8 MPH), Distance : 402 ft
|
|
Batting: RHB Jon Chatman
|
0-0: DOUBLE (Line Drive, 9LM, EV 106.9 MPH)
|
|
Batting: RHB Miguel Pacheco
|
0-0: Ball Wild Pitch! Jon Chatman to third 1-0: Foul Ball, location: 2F 1-1: SINGLE (Line Drive, 89S, EV 103.1 MPH) Jon Chatman scores
|
|
Pitching: LHP John van Asten
|
|
|
Batting: LHB Jeremy Rideout
|
0-0: Called Strike 0-1: Ball 1-1: Grounds into double play, 4-6-3 (Groundball, 34S, EV 91.9 MPH)
|
| Bottom of the 5th over - 3 runs, 4 hits, 0 errors, 0 left on base; University of California 0 - Washington State University 5 |
| TOP OF THE 6TH |
|
University of California Golden Bears batting - Pitching for Washington State University Cougars : LHP Seth Shaw
|
|
Batting: SHB Matsudaira Ikeda
|
0-0: SOLO HOME RUN (Flyball, 7D, EV 100.6 MPH), Distance : 398 ft
|
|
Batting: RHB Mario Diaz
|
0-0: Ball 1-0: Ball 2-0: Called Strike 2-1: SINGLE (Line Drive, 4MD, EV 98.8 MPH)
|
|
Batting: RHB Nate Mahon
|
0-0: Ball 1-0: Called Strike 1-1: Foul Ball, location: 2F 1-2: Foul Ball, location: 2F 1-2: Foul Ball, location: 2F 1-2: Ball 2-2: Ball 3-2: Foul Ball, location: 2F 3-2: Grounds into double play, 6-4-3 (Groundball, 56, EV 85.6 MPH)
|
|
Batting: LHB Luis Orellana
|
0-0: Ground out U3 (Groundball, 34S, EV 95.0 MPH)
|
| Top of the 6th over - 1 run, 2 hits, 0 errors, 0 left on base; University of California 1 - Washington State University 5 |
| BOTTOM OF THE 6TH |
|
Washington State University Cougars batting - Pitching for University of California Golden Bears : LHP John van Asten
|
|
Batting: RHB Rich Griffith
|
0-0: Ball 1-0: Called Strike 1-1: Fly out, F8 (Flyball, 8LM, EV 83.8 MPH)
|
|
Batting: RHB Wilson Salgado
|
0-0: Foul Ball, location: 2F 0-1: Ball 1-1: Foul Ball, location: 2F 1-2: SOLO HOME RUN (Line Drive, 78XD, EV 116.9 MPH), Distance : 448 ft
|
|
Batting: RHB Luis Mendoza
|
0-0: Ball 1-0: Called Strike 1-1: Foul Ball, location: 2F 1-2: SOLO HOME RUN (Flyball, 7D, EV 99.4 MPH), Distance : 393 ft
|
|
Batting: SHB Cedric Sweep
|
0-0: Ball 1-0: Ground out 6-3 (Groundball, 56, EV 106.2 MPH)
|
|
Batting: LHB Randolph Brodbeck
|
0-0: Called Strike 0-1: Ground out U3 (Groundball, 3, EV 83.8 MPH)
|
| Bottom of the 6th over - 2 runs, 2 hits, 0 errors, 0 left on base; University of California 1 - Washington State University 7 |
| TOP OF THE 7TH |
|
University of California Golden Bears batting - Pitching for Washington State University Cougars : LHP Seth Shaw
|
|
Pitching: RHP Dustin Hamblin
|
|
|
Batting: RHB Tatsuyoshi Ikeda
|
0-0: Called Strike 0-1: Ball 1-1: Ball 2-1: Foul Ball, location: 2F 2-2: Ball 3-2: Strikes out swinging
|
|
Batting: LHB Justin Conley
|
0-0: Ball 1-0: Called Strike 1-1: Fly out, F3 (Popup, 3F, EV 66.9 MPH)
|
|
Batting: RHB Alex Guerra
|
0-0: Swinging Strike 0-1: Called Strike 0-2: Foul Ball, location: 2F 0-2: Ball 1-2: Ball 2-2: Foul Ball, location: 2F 2-2: Foul Ball, location: 2F 2-2: Ball 3-2: Base on Balls
|
|
Batting: RHB Kasey Sands
|
0-0: Ball 1-0: Foul Ball, location: 2F 1-1: Fly out, F9 (Flyball, 9LM, EV 86.2 MPH)
|
| Top of the 7th over - 0 runs, 0 hits, 0 errors, 1 left on base; University of California 1 - Washington State University 7 |
| BOTTOM OF THE 7TH |
|
Washington State University Cougars batting - Pitching for University of California Golden Bears : LHP John van Asten
|
|
Batting: RHB Noe Oliva
|
0-0: Ball 1-0: Called Strike 1-1: SINGLE (Line Drive, 7LS, EV 105.6 MPH)
|
|
Pitching: RHP Travis Morris
|
|
|
Batting: RHB Jon Chatman
|
0-0: Called Strike 0-1: SINGLE (Line Drive, 8LS, EV 111.9 MPH) Noe Oliva to second
|
|
Batting: RHB Miguel Pacheco
|
0-0: Called Strike 0-1: Ball 1-1: Swinging Strike 1-2: Strikes out looking
|
|
Batting: LHB Jeremy Rideout
|
0-0: Foul Ball, location: 2F 0-1: Grounds into double play, 6-4-3 (Groundball, 6, EV 104.4 MPH)
|
| Bottom of the 7th over - 0 runs, 2 hits, 0 errors, 1 left on base; University of California 1 - Washington State University 7 |
| TOP OF THE 8TH |
|
University of California Golden Bears batting - Pitching for Washington State University Cougars : RHP Dustin Hamblin
|
|
Batting: LHB Eric Gaugler
|
0-0: Swinging Strike 0-1: Ball 1-1: Swinging Strike 1-2: Ground out 3-1 (Groundball, 34, EV 90.0 MPH)
|
|
Batting: SHB Matsudaira Ikeda
|
0-0: Called Strike 0-1: Ball 1-1: Called Strike 1-2: Ground out 4-3 (Groundball, 34, EV 104.4 MPH)
|
|
Batting: RHB Mario Diaz
|
0-0: Swinging Strike 0-1: Ball 1-1: Ground out 5-3 (Groundball, 56, EV 100.6 MPH)
|
| Top of the 8th over - 0 runs, 0 hits, 0 errors, 0 left on base; University of California 1 - Washington State University 7 |
| BOTTOM OF THE 8TH |
|
Washington State University Cougars batting - Pitching for University of California Golden Bears : RHP Travis Morris
|
|
Batting: RHB Rich Griffith
|
0-0: Ball 1-0: Ball 2-0: Fly out, F8 (Flyball, 8LS, EV 89.4 MPH)
|
|
Batting: RHB Wilson Salgado
|
0-0: Called Strike 0-1: Called Strike 0-2: Foul Ball, location: 2F 0-2: Ball 1-2: Ball 2-2: Ball 3-2: Foul Ball, location: 2F 3-2: Base on Balls
|
|
Pitching: LHP Adam Gavel
|
|
|
Batting: RHB Luis Mendoza
|
0-0: Called Strike 0-1: Foul Ball, location: 2F 0-2: Ball 1-2: Grounds into double play, 6-4-3 (Groundball, 6, EV 102.5 MPH)
|
| Bottom of the 8th over - 0 runs, 0 hits, 0 errors, 0 left on base; University of California 1 - Washington State University 7 |
| TOP OF THE 9TH |
|
University of California Golden Bears batting - Pitching for Washington State University Cougars : RHP Dustin Hamblin
|
|
Pitching: LHP Travis Joyal
|
|
|
Batting: RHB Nate Mahon
|
0-0: Foul Ball, location: 2F 0-1: Ball 1-1: Called Strike 1-2: Ball 2-2: Strikes out swinging
|
|
Pinch Hitting: RHB Juan Debayle
|
0-0: Ball 1-0: Called Strike 1-1: Swinging Strike 1-2: Strikes out swinging
|
|
Pinch Hitting: SHB Marty Kuehn
|
0-0: Called Strike 0-1: Ball 1-1: Foul Ball, location: 2F 1-2: Ball 2-2: Ball 3-2: Fly out, F9 (Flyball, 89S, EV 95.0 MPH)
|
| Top of the 9th over - 0 runs, 0 hits, 0 errors, 0 left on base; University of California 1 - Washington State University 7 |
|